Map: Simulacrum LE

Players

JohnnyV

  • Race: Terran Terran
  • League: Bronze
  • Spawn Location: 5:00

Hnomma - Winner!

  • Race: Zerg Zerg
  • League: Silver
  • Spawn Location: 11:00

VOD

Have the link to the VOD?

Description

Time

  • Played on: May 1, 2020, 10:52 p.m.
  • Length: 12:43
Show
View Real Time Build Order
Export as new Build Order

JohnnyV Terran 

Build Orders:  

Get SALT Encoding   

  12  0:01  SCV  
  13  0:17  SCV, Supply Depot  
  14  0:29  SCV  
  14  0:31  Refinery  
  15  0:41  Barracks  
  15  0:45  SCV  
  16  1:01  SCV  
  17  1:13  SCV  
  19  1:25  SCV  
  19  1:29  Reaper  
  19  1:30  Supply Depot  
  20  1:37  SCV  
  21  1:40  Refinery  
  21  1:43  Bunker  
  21  1:49  SCV  
  22  2:02  Factory  
  22  2:05  Marine  
  23  2:12  Orbital Command  
  23  2:36  Barracks Reactor  
  23  2:57  Widow Mine  
  25  3:13  Command Center  
  25  3:14  Marine x2  
  27  3:30  Widow Mine  
  29  3:35  Starport  
  29  3:45  SCV  
  29  3:46  Marine  
  29  3:47  Engineering Bay  
  31  3:53  Marine  
  32  4:02  SCV  
  33  4:07  Factory Tech Lab  
  33  4:14  SCV  
  34  4:25  Barracks Reactor  
  34  4:27  Planetary Fortress  
  34  4:35  Supply Depot  
  34  4:42  Viking x2  
  34  4:43  Siege Tank  
  41  4:52  Barracks  
  41  4:58  Supply Depot  
  41  4:59  Missile Turret  
  41  5:04  Marine x2  
  43  5:10  Refinery  
  43  5:13  SCV x2  
  45  5:18  Missile Turret  
  45  5:26  Liberator  
  45  5:28  Marine  
  48  5:52  Siege Tank  
  51  5:59  Neosteel Armor  
  51  6:03  SCV x2  
  53  6:05  Barracks Tech Lab  
  53  6:08  Marine x2  
  55  6:15  SCV  
  56  6:27  Marauder  
  56  6:28  Combat Shield  
  58  6:47  Supply Depot  
  58  6:50  Missile Turret  
  58  6:51  Engineering Bay, Missile Turret  
  58  6:55  Armory  
  58  6:58  Siege Tank  
  59  7:20  Marine x2  
  59  7:21  Marauder  
  63  7:23  Medivac x2  
  63  7:28  SCV x2  
  69  7:37  Refinery  
  69  7:40  SCV  
  69  7:42  Marauder  
  69  7:43  Marine x2  
  74  7:46  Siege Tank  
  74  7:49  Concussive Shells  
  77  7:52  SCV  
  77  7:55  Terran Infantry Armor Level 1  
  78  8:31  Viking x2, Marauder, Marine  
  78  8:32  Supply Depot x2  
  85  8:37  SCV, Supply Depot  
  86  8:43  SCV  
  86  8:47  Marine  
  85  8:55  Thor  
  91  9:02  Terran Vehicle Weapons Level 1  
  91  9:04  Terran Infantry Weapons Level 1  
  91  9:23  Supply Depot  
  91  9:25  SCV  
  91  9:26  SCV  
  91  9:27  Marine x3  
  91  9:28  Stimpack  
  96  9:40  SCV x2  
  96  9:42  Medivac  
  100  9:48  Medivac  
  100  9:49  Hi-Sec Auto Tracking  
  100  9:50  Marine x3  
  105  10:31  Command Center  
  105  10:37  Marauder, Marine x2  
  105  10:38  Siege Tank  
  112  10:54  Marine  
  113  10:58  Marauder, Marine  
  113  11:01  Liberator  
  117  11:12  Marine  
  117  11:15  Sensor Tower  
  118  11:18  Supply Depot  
  118  11:23  Marauder, Marine, Siege Tank  
  124  11:30  Marine  
  97  11:41  Supply Depot  
  97  11:46  Marine x2  
  85  11:52  Marine  
  67  12:04  Marine x2  
  62  12:10  Marine  
  58  12:22  Marine x2  
Show
View Real Time Build Order
Export as new Build Order

Hnomma Zerg - Winner!

Build Orders: Hatch First 

Get SALT Encoding   

  12  0:00  Drone  
  13  0:09  Drone  
  14  0:17  Extractor  
  14  0:18  Drone  
  15  0:41  Hatchery  
  14  0:55  Spawning Pool  
  13  0:58  Drone  
  14  1:05  Extractor  
  14  1:06  Drone  
  14  1:12  Overlord  
  14  1:32  Drone x3  
  17  1:43  Queen  
  19  1:48  Drone  
  19  1:53  Extractor  
  19  1:56  Drone  
  20  2:04  Drone  
  20  2:06  Metabolic Boost  
  21  2:18  Drone x4  
  25  2:31  Drone  
  25  2:36  Overlord  
  26  2:41  Lair  
  26  2:42  Drone  
  27  2:48  Drone  
  27  3:14  Queen  
  27  3:17  Zergling x2  
  27  3:18  Zergling x6, Drone  
  27  3:19  Drone  
  35  3:25  Drone  
  36  3:28  Overlord  
  36  3:46  Drone  
  37  3:49  Overlord  
  37  3:50  Drone  
  38  4:01  Roach Warren  
  37  4:06  Hatchery  
  36  4:10  Drone  
  36  4:12  Drone  
  36  4:15  Drone  
  36  4:16  Drone x2  
  41  4:19  Overlord  
  41  4:29  Drone  
  42  4:39  Infestation Pit  
  42  4:41  Glial Reconstitution  
  42  4:42  Hydralisk Den  
  42  4:44  Drone  
  42  4:45  Drone x3  
  44  4:49  Drone  
  44  4:50  Drone  
  44  4:51  Drone  
  47  4:54  Drone  
  47  4:58  Extractor  
  47  5:03  Roach x2  
  51  5:10  Drone x2  
  53  5:15  Extractor  
  53  5:19  Overseer  
  52  5:21  Hydralisk  
  52  5:22  Hydralisk  
  52  5:23  Hydralisk  
  57  5:31  Drone  
  57  5:32  Drone x3  
  57  5:33  Drone x2  
  63  5:43  Drone x2  
  63  5:46  Overlord  
  63  5:47  Overlord x2  
  65  6:11  Drone x2  
  66  6:14  Drone x2  
  66  6:16  Drone  
  66  6:17  Drone x3  
  73  6:22  Roach  
  75  6:28  Hive  
  75  6:31  Drone  
  78  6:33  Roach x2  
  80  6:44  Overlord  
  80  6:45  Overlord x2  
  80  6:47  Drone  
  80  6:53  Extractor  
  80  7:06  Hydralisk  
  80  7:07  Hydralisk x6  
  94  7:12  Hydralisk  
  94  7:13  Hydralisk  
  98  7:20  Hydralisk x3  
  104  7:24  Overseer  
  104  7:28  Drone  
  105  7:37  Overlord  
  105  7:55  Queen  
  107  7:58  Grooved Spines  
  107  8:04  Hydralisk  
  107  8:05  Hydralisk x2  
  113  8:06  Overlord x6, Evolution Chamber  
  112  8:21  Queen  
  112  8:24  Ultralisk Cavern  
  109  8:27  Drone  
  109  8:33  Hydralisk x3  
  110  8:45  Hydralisk x5  
  118  8:55  Zerg Missile Weapons Level 1  
  118  9:00  Hydralisk  
  118  9:01  Hydralisk x5  
  131  9:10  Muscular Augments, Drone  
  131  9:12  Drone  
  131  9:13  Hydralisk  
  134  9:22  Queen  
  134  9:24  Queen  
  138  9:31  Hydralisk  
  138  9:32  Hydralisk x7  
  155  9:38  Ravager x2  
  155  9:44  Drone  
  157  9:49  Overlord  
  157  9:50  Overlord x2  
  157  9:57  Extractor  
  155  10:13  Roach  
  155  10:14  Roach x5  
  167  10:38  Hydralisk x2  
  167  10:39  Ultralisk, Roach x2  
  167  10:42  Overlord  
  181  10:43  Overlord x3  
  181  11:05  Ultralisk x3  
  199  11:22  Overlord  
  198  11:36  Hydralisk x5  
  193  11:41  Hydralisk  
  170  11:53  Hydralisk x2  
  142  11:54  Ultralisk x2  
  142  11:59  Hydralisk  
  142  12:00  Zergling x2  
  142  12:01  Zergling x4  
  139  12:16  Drone  
  139  12:17  Drone  
Tags
 
Add a new tag
Caveats
  • Supply blocks, unpowered buildings, or Contaminate may cause inaccurate times.
  • Supply counts are checked every 10 seconds.